Unix NetHack Version 3.7.0-97 Work-in-progress - last build Jan 15 2024 16:18:24 (bf5c21b99e62e8a7a5668a06ec9a5d408df58fe5,branch:master). Game began 2024-01-19 12:56:38, ended 2024-01-20 08:01:56. elenmirie, lawful female human Knight | |. |. .. G #@u## # ### ### ---------.--- |...........| |............ |<..........| ------------- Elenmirie the Bachelor St:16 Dx:8 Co:12 In:7 Wi:15 Ch:18 Lawful Dlvl:7 $:44 HP:0(44) Pw:40(40) AC:5 Xp:6/335 T:2871 Burdened Latest messages: You hear some noises. You stop eating the orc shaman corpse. It hits the elf zombie. It misses the elf zombie. The elf zombie misses it. It hits the elf zombie. The elf zombie is destroyed! There is a partly eaten orc shaman corpse here; eat it? [ynq] (n) y You resume your meal. You finish eating the orc shaman corpse. You see here a mace. You see here a statue of a green mold. You have a little trouble lifting $ - 8 gold pieces (44 in total). You stop. Arod is in the way! You swap places with Arod. You swap places with Arod. You fall down the stairs. Arod hits the ape. Arod bites the ape. The ape hits Arod. The ape hits Arod. The ape bites Arod. You kill the ape! Welcome to experience level 6. You see here an ape corpse. There is an ape corpse here; eat it? [ynq] (n) y Blecch! Rotten food! You feel rather light headed. You finish eating the ape corpse. You feel less confused now. You swap places with Arod. The gnome king hurls a puce potion! The bottle crashes on your head and breaks into shards. The puce potion evaporates. You feel rather tired. The gnome king hits! The gnome king hits! The gnome king hits! You can move again. You hit the gnome king! The gnome king hits! You miss the gnome king. The gnome king hits! The gnome king hits! You die... Do you want your possessions identified? [ynq] (y) y Do you want to see your attributes? [ynq] (y) y Do you want an account of creatures vanquished? [ynaq] (y) y Do you want to see your conduct and achievements? [ynq] (y) y Do you want to see the dungeon overview? [ynq] (y) y Inventory: Coins $ - 44 gold pieces Weapons a - an uncursed +1 long sword (weapon in right hand) b - an uncursed +1 lance (alternate weapon; not wielded) Armor d - an uncursed rusty +0 helmet (being worn) f - an uncursed +0 pair of leather gloves (being worn) e - an uncursed +0 small shield (being worn) c - an uncursed rusty +1 ring mail (being worn) Comestibles g - 10 uncursed apples h - 10 uncursed carrots m - 2 uncursed food rations Rings B - a cursed ring of teleportation Wands r - a cursed wand of teleportation (0:6) Tools n - an empty cursed bag of holding w - a cursed sack containing 15 items x - an uncursed blindfold s - a cursed lock pick Contents of the sack: 260 gold pieces an uncursed scroll of confuse monster a cursed scroll of destroy armor an uncursed scroll of enchant armor a blessed scroll of identify 2 uncursed scrolls of identify an uncursed scroll of teleportation an uncursed spellbook of cause fear an uncursed potion of extra healing an uncursed potion of hallucination 4 uncursed potions of healing a cursed potion of healing an uncursed potion of see invisible 3 uncursed potions of sickness 2 blessed potions of speed Elenmirie the Knight's attributes: Background: You were a Bachelor, a level 6 female human Knight. You were lawful, nominally on a mission for Lugh who was opposed by Brigit (neutral) and Manannan Mac Lir (chaotic). You were right-handed. You were in the Dungeons of Doom, on level 7. You entered the dungeon 2871 turns ago. You had 335 experience points, 305 more were needed to attain level 7. Basics: You had 0 out of 44 hit points. You had all 40 energy points (spell power). Your armor class was 5. Your wallet contained 44 zorkmids, and you had 260 more stashed away in your pack. Autopickup was on for '$' plus thrown. Final Characteristics: Your strength was 16 (limit:18/100). Your dexterity was 8 (limit:18). Your constitution was 12 (limit:18). Your intelligence was 7 (limit:18). Your wisdom was 15 (limit:18). Your charisma was 18 (limit:18). Final Status: You weren't hungry. You were burdened; movement was slightly slowed. You were wielding a long sword. You had basic skill with long sword. Final Attributes: You were piously aligned. You could jump. You were warded. You are dead. Miscellaneous: You encountered 1 bones level. Total elapsed playing time was 1 hour, 2 minutes and 53 seconds. Major events: Turn 1: elenmirie the lawful female human Knight entered the dungeon 1123: attained the rank of Esquire (level 3) 1198: entered the Gnomish Mines 2834: attained the rank of Bachelor (level 6) 2871: killed by a gnome king Vanquished creatures: an ape an orc shaman 12 fog clouds a yellow light 2 gnomish wizards 2 gray oozes 3 elf zombies a little dog 2 iguanas 3 manes 2 large kobolds a brown mold 2 gnomes 2 geckos 2 foxes a kobold a goblin 9 grid bugs 2 lichens 6 newts 56 creatures vanquished. No species were genocided or became extinct. Voluntary challenges: You were an atheist. You read items or engraved 1 time. You never engraved Elbereth. You never genocided any monsters. You never polymorphed an object. You never changed form. You used no wishes. Achievements: You attained the rank of Esquire. You entered the Gnomish Mines. You attained the rank of Bachelor. The Dungeons of Doom: levels 1 to 7 Level 1: A fountain. Level 2: A fountain. Level 3: A fountain, a grave. Stairs down to The Gnomish Mines. Level 4: A sink. Level 5: Final resting place for nurdglaw-Rog-Hum-Fem-Cha, killed by a housecat. Level 6: A fountain. Level 7: <- You were here. Final resting place for you, killed by a gnome king. The Gnomish Mines: Level 4: Game over: ---------- / \ / REST \ / IN \ / PEACE \ / \ | elenmirie | | 304 Au | | killed by a | | gnome king | | | | | | 2024 | *| * * * | * _________)/\\_//(\/(/\)/\//\/|_)_______ Fare thee well elenmirie the Knight... You died in The Dungeons of Doom on dungeon level 7 with 1914 points, and 304 pieces of gold, after 2871 moves. You were level 6 with a maximum of 44 hit points when you died.